AoeStats
← Hakdonis

Arena

510720190Analyzed
4v4 RM · 18h ago on Oct 2, 2026· 39m 31s· 8 players
Game mode
Random Map
Map size
Large (8 player)
Population
200
Speed
Normal
Resources
Standard
Victory
Conquest
Starting age
Dark Age
Ending age
Imperial Age
RankedLock teamsTeams togetherTeam positionsShared explorationLock speedFull tech treeHidden civsTurbo modeCheats
Victory
Defeat
🇨🇭 Bohemians · Switzerland
1146
+12
🇨🇳 Ethiopians · China
1146
+12
🇧🇷 Persians · Brazil
1005
+17
🇩🇪 Teutons · Germany
1001
+17
🇳🇴 Slavs · Norway
1089
-16
🇧🇪 Britons · Belgium
1071
-16
🇪🇸 Japanese · Spain
1038
-14
🇵🇱 Huns · Poland
980
-12
SicariusFeroxis
8:20 Feudal Age
6:37 Loom
9:43 Double-Bit Axe
15:15 Arson
16:10 Man-at-Arms
19:59 Fletching
24:13 Castle Age
27:07 Squires
27:42 Bow Saw
28:35 Scale Mail Armor
29:55 Bodkin Arrow
31:26 Pikeman
35:07 Imperial Age
33:06 Pikeman
34:19 Fortified Wall
37:05 Wheelbarrow
36:01 Halberdier
38:06 Bracer
likkus
8:52 Loom
11:36 Feudal Age
12:09 Double-Bit Axe
13:28 Wheelbarrow
18:37 Castle Age
19:51 Bow Saw
20:23 Forging
24:11 Horse Collar
31:13 Imperial Age
29:40 Fortified Wall
31:09 Murder Holes
33:29 Two-Man Saw
34:33 Conscription
34:13 Yasama
35:55 Scale Mail Armor
36:31 Iron Casting
36:24 Hand Cart
38:07 Scale Barding Armor
38:17 Chain Mail Armor
39:03 Blast Furnace
39:10 Gold Mining
Globox
10:53 Feudal Age
KIELE_PL
rarra
10:25 Feudal Age
11:03 Double-Bit Axe
10:59 Horse Collar
17:59 Castle Age
19:49 Pikeman
21:10 Loom
21:17 Town Watch
22:08 Wheelbarrow
22:00 Fervor
22:18 Bow Saw
25:33 Heavy Plow
26:19 Hand Cart
31:01 Imperial Age
29:52 Wagenburg Tactics
32:47 Chemistry
39:02 Elite Hussite Wagon
Hakdonis
1:24 Loom
10:24 Feudal Age
12:27 Horse Collar
12:42 Double-Bit Axe
18:15 Castle Age
18:35 Bloodlines
19:43 Gold Mining
21:17 Wheelbarrow
22:06 Fervor
22:27 Forging
22:26 Heavy Plow
22:39 Bow Saw
23:46 Scale Barding Armor
26:51 Scale Mail Armor
28:03 Iron Casting
27:57 Hand Cart
31:35 Imperial Age
29:03 Stone Mining
29:54 Ballistics
30:36 Chain Barding Armor
31:06 Chain Mail Armor
31:37 Town Watch
32:28 Town Patrol
33:01 Plate Mail Armor
32:02 Elite Teutonic Knight
34:12 Chemistry
33:50 Capped Ram
34:05 Cavalier
36:27 Blast Furnace
37:24 Crop Rotation
38:29 Two-Man Saw
37:43 Masonry
38:01 Conscription
39:39 Crenellations
39:59 Redemption
39:13 Paladin
wlwz915964
11:04 Feudal Age
13:27 Wheelbarrow
15:14 Loom
22:14 Double-Bit Axe
23:39 Horse Collar
28:17 Castle Age
30:48 Hand Cart
32:21 Bow Saw
32:42 Heavy Plow
32:53 Gold Mining
32:54 Stone Mining
42:00 Imperial Age
zanzan114514
9:54 Feudal Age
13:25 Castle Age
11:44 Double-Bit Axe
11:43 Horse Collar
15:07 Wheelbarrow
18:52 Bow Saw
20:18 Hand Cart
20:24 Hand Cart
24:09 Gold Mining
24:34 Heavy Plow
25:05 Stone Mining
25:50 Gold Shaft Mining
25:55 Gold Shaft Mining
25:10 Loom
29:42 Imperial Age
28:02 Fletching
28:12 Padded Archer Armor
28:57 Bodkin Arrow
29:57 Leather Archer Armor
30:06 Ballistics
29:31 Crossbowman
30:17 Thumb Ring
30:43 Conscription
31:26 Chemistry
30:46 Bracer
31:35 Coinage
32:11 Two-Man Saw
30:41 Arbalester
33:57 Masonry
33:52 Siege Engineers
33:26 Capped Ram
34:35 Town Watch
34:22 Siege Ram
36:03 Ring Archer Armor
Connection lost

Rejoining the realm…

Still unreachable

The connection could not be restored.

Session expired

The server has moved on; the page needs a fresh start.